 Dungeon Crawl Stone Soup version 0.31.0-32-g396128a36d (webtiles) character file.

Game seed: 12496147936020212241

4107 derpkhan the Carver (level 10, -2/86 HPs)
             Began as a Pale Draconian Berserker on Mar 25, 2024.
             Was a Priest of Trog.
             Succumbed to a hornet's poison
             ... on level 8 of the Dungeon.
             The game lasted 00:53:46 (6225 turns).

derpkhan the Carver (Pale Draconian Berserker)      Turns: 6225, Time: 00:53:46

Health: -2/86      AC: 11    Str: 24    XL:     10   Next: 6%
Magic:  3/9        EV: 14    Int:  7    God:    Trog [***...]
Gold:   217        SH:  0    Dex: 11    Spells: 9/9 levels left

rFire   . . .        t - +0 great sword (elec)
rCold   + . .        (shield currently unavailable)
rNeg    . . .        (body armour unavailable)
rPois   .            (helmet restricted)
rElec   .            (no cloak)
rCorr   .            (no gloves)
SInv    .            (no boots)
Will    .....        r - amulet of guardian spirit
Stlth   ++           i - +4 ring of protection
HPRegen 0.34/turn    o - ring of protection from cold
MPRegen 0.11/turn

%: guardian spirit
@: lethally poisoned (-2 -> -17), slowed, invisible, very slow
A: breathe steam, AC +7, unfitting armour, cold-blooded, steam resistance, low
MP 1
a: Breathe Steam, Renounce Religion, Berserk, Trog's Hand


You were on level 8 of the Dungeon.
You worshipped Trog.
Trog was most pleased with you.
You visited 2 branches of the dungeon, and saw 9 of its levels.

You collected 466 gold pieces.
You spent 249 gold pieces at shops.

Inventory:

Hand Weapons
 c - a +4 halberd
 n - a +0 club
 p - a +5 dire flail of freezing
 s - a +1 whip of freezing
 t - a +0 great sword of electrocution (weapon)
 A - a +3 dire flail
 B - a +0 great sword
Missiles
 l - 2 throwing nets
 q - 10 poisoned darts (quivered)
Jewellery
 h - a ring of magical power
 i - a +4 ring of protection (left hand)
 o - a ring of protection from cold (right hand)
 r - an amulet of guardian spirit (around neck)
Talismans
 a - a beast talisman
Scrolls
 d - 2 scrolls of identify
 e - 6 scrolls of teleportation
 f - a scroll of silence
 g - 4 scrolls of amnesia
 k - 2 scrolls of fear
 u - a scroll of poison
Potions
 b - a potion of ambrosia
 j - 2 potions of magic
 m - 2 potions of haste
 z - 3 potions of enlightenment


   Skills:
 + Level 7.4 Fighting
 + Level 10.4 Long Blades
 + Level 2.5 Throwing
 + Level 7.1 Dodging
 + Level 3.8 Stealth


You had 9 spell levels left.
You didn't know any spells.
Your spell library was empty.

Dungeon Overview and Level Annotations

Branches:
Dungeon (8/15)             Temple (1/1) D:6
   Lair: D:8-11

Altars:
Ashenzari
Dithmenos
Elyvilon
Fedhas
Gozag
Hepliaklqana
Kikubaaqudgha
Makhleb
Nemelex Xobeh
Okawaru
Ru
Sif Muna
Trog
Uskayaw
Vehumet
Wu Jian
Xom
Yredelemnul
Zin
The Shining One

Shops:
D:1 !   D:2 *   D:4 *   D:5 *


Innate Abilities, Weirdness & Mutations

You can breathe blasts of scalding, opaque steam.
Your pale cyan-grey scales are hard. (AC +7)
You cannot fit into any form of body armour.
You are cold-blooded and may be slowed by cold attacks.
You are immune to the effects of steam.
Your magical capacity is low. (-10% MP)


Message History

You slash the hornet!
The hornet is heavily wounded.
You feel extremely sick. The hornet closely misses you. The hornet stings you.
You feel as though you will be slow longer.
You miss the hornet.
Your tail-slap misses the hornet.
The hornet is heavily wounded.
You feel very sick. The hornet misses you.
The hornet stings you but does no damage.
The hornet misses you.
You hit the hornet but do no damage.
Your tail-slap misses the hornet.
The hornet is heavily wounded.
You feel very sick.
The hornet barely misses you. x2; The hornet stings you.
You are more poisoned.
You feel as though you will be slow longer.
You completely miss the hornet.
You tail-slap the hornet, but do no damage.
The hornet is heavily wounded.
You feel extremely sick. The hornet completely misses you.
The hornet stings you!
* * * LOW HITPOINT WARNING * * *
You feel as though you will be slow longer.
It was a potion of invisibility.
You fade into invisibility!
You feel very sick. The hornet closely misses you. x2
You feel very sick. The hornet closely misses you.
The hornet stings you but does no damage.
You feel sick. The hornet stings you!
* * * LOW HITPOINT WARNING * * *
You feel as though you will be slow longer.
* * * LOW HITPOINT WARNING * * *
You feel sick. The hornet stings you.
* * * LOW HITPOINT WARNING * * *
You are more poisoned.
You feel as though you will be slow longer.
You die...

###.....##
##...##....#
..#..##...#
#.......#..##
#.......#..#
##.......#..#
#...#.......#
##....##....#
#..#....###@...##
........##......#
#..y.....##
###....###
#.....#...
#≈≈≈≈#.......⌠
##8≈≈≈##..#...
##.≈≈ ##.##.~~
#8.≈ ..####


You could see a hornet (unable to see you).

Vanquished Creatures
  A two-headed ogre (D:6)
  Pikel (D:7)
  Joseph (D:7)
  Grinder (D:5)
  Eustachio (D:4)
  Duvessa (D:7)
  A water moccasin (D:5)
  A sky beast (D:7)
  3 black bears
  An ogre (D:6)
  A centaur (D:5)
  A phantom (D:7)
  4 lemures (D:7)
  A kobold brigand (D:7)
  Blork the orc (D:5)
  6 wights (D:6)
  Dowan (D:7)
  2 bombardier beetles (D:5)
  8 hounds
  4 orc priests
  3 jellies
  A gnoll bouda (D:7)
  8 iguanas
  An orc wizard (D:7)
  10 gnolls
  10 adders
  2 shadow imps
  A white imp (D:4)
  2 dart slugs (D:1)
  2 ribbon worms
  23 orcs
  11 ball pythons
  9 endoplasms
  5 giant cockroaches
  7 goblins
  5 hobgoblins
  8 jackals
  A quokka (D:3)
  2 bats
  A frilled lizard (D:3)
  10 kobolds
  4 rats
167 creatures vanquished.

Notes
Turn   | Place    | Note
-------+----------+-------------------------------------------
     0 | D:1      | derpkhan the Draconian Berserker began the quest for the
                  | Orb.
     0 | D:1      | Reached XP level 1. HP: 19/19 MP: 1/1
    98 | D:1      | Found Vokhoast's Distillery.
   118 | D:1      | Reached XP level 2. HP: 2/26 MP: 2/2
   252 | D:1      | Bought a potion of heal wounds for 70 gold pieces
   766 | D:2      | Reached XP level 3. HP: 20/31 MP: 3/3
   947 | D:2      | Found Plog's Assorted Antiques.
  1319 | D:2      | Reached XP level 4. HP: 40/40 MP: 4/4
  1534 | D:3      | Reached skill level 4 in Long Blades
  1534 | D:3      | Reached XP level 5. HP: 46/46 MP: 5/5
  1537 | D:3      | Reached ** piety under Trog
  1762 | D:3      | Found a broken altar of Ashenzari.
  1873 | D:3      | Reached XP level 6. HP: 47/52 MP: 6/6
  2255 | D:4      | Noticed Eustachio
  2283 | D:4      | Killed Eustachio
  2284 | D:4      | Reached skill level 5 in Long Blades
  2284 | D:4      | Reached skill level 1 in Stealth
  2705 | D:4      | Found a shimmering altar of Xom.
  2847 | D:4      | Found Wacugazu's Assorted Antiques.
  2854 | D:4      | Bought a potion of heal wounds for 155 gold pieces
  2873 | D:4      | Reached skill level 5 in Dodging
  2873 | D:4      | Your scales start taking on a pale cyan-grey colour.
  2873 | D:4      | Reached XP level 7. HP: 54/60 MP: 7/7
  2873 | D:4      | Gained mutation: You are immune to the effects of steam.
                  | [Pale Draconian growth]
  2909 | D:4      | Reached skill level 1 in Throwing
  3156 | D:5      | Entered Level 5 of the Dungeon
  3403 | D:5      | Reached skill level 5 in Fighting
  3438 | D:5      | Noticed Grinder
  3444 | D:5      | Killed Grinder
  3445 | D:5      | Reached skill level 6 in Long Blades
  3563 | D:5      | Reached XP level 8. HP: 67/69 MP: 8/8
  3586 | D:5      | Noticed Blork the orc
  3605 | D:5      | Killed Blork the orc
  3728 | D:5      | Reached skill level 7 in Long Blades
  3786 | D:5      | Found Roc Caig's General Store.
  3790 | D:5      | Bought a scroll of identify for 24 gold pieces
  4476 | D:6      | Noticed a two-headed ogre
  4493 | D:6      | Killed a two-headed ogre
  4494 | D:6      | Reached skill level 8 in Long Blades
  4494 | D:6      | Reached XP level 9. HP: 20/78 MP: 2/9
  4590 | D:6      | Gained mutation: Your magical capacity is low. (-10% MP)
                  | [potion of mutation]
  4609 | D:6      | Reached *** piety under Trog
  4639 | D:6      | Found a staircase to the Ecumenical Temple.
  4654 | Temple   | Entered the Ecumenical Temple
  4838 | D:6      | Found an opulent altar of Gozag.
  5015 | D:6      | Found a blossoming altar of Fedhas.
  5351 | D:7      | Found an ornate altar of the Wu Jian Council.
  5368 | D:7      | Reached skill level 9 in Long Blades
  5388 | D:7      | Found a burning altar of Makhleb.
  5424 | D:7      | Noticed Joseph
  5445 | D:7      | Killed Joseph
  5452 | D:7      | Noticed Pikel
  5477 | D:7      | Killed Pikel
  5478 | D:7      | Reached skill level 10 in Long Blades
  5778 | D:7      | Found a bloodstained altar of Trog.
  5833 | D:7      | Reached XP level 10. HP: 86/86 MP: 7/9
  5925 | D:7      | Noticed Dowan
  5933 | D:7      | Noticed Duvessa
  5940 | D:7      | Killed Dowan
  5945 | D:7      | Killed Duvessa
  6210 | D:8      | Paralysed by a hornet for 1 turns
  6214 | D:8      | Paralysed by a hornet for 1 turns
  6224 | D:8      | HP: 3/86 [poisoned by a hornet]
  6225 | D:8      | Succumbed to a hornet's poison

Illustrated notes

Levels and vault maps discovered:
D:1:      dpeg_arrival_fog, layout_rooms, serial_shops, shop
D:2:      layout_basic, serial_shops, nicolae_shop_overgrown_old_shop
D:3:      layout_rooms, nicolae_ashenzari_panopticon
D:4:      layout_loops_cross, mainiacjoe_overflow_boulevard, serial_shops, shop,
          minmay_crystal_water, uniq_eustachio
D:5:      layout_loops_ring, serial_shops, nicolae_shop_back_alley_shop,
          serial_glass, glass_columns_a, glass_columns_b, uniq_blork_the_orc,
          uniq_grinder
D:6:      layout_loops_ring, fedhas_altar_fruit_tree, grunt_gozag_breadcrumbs,
          minmay_temple_entry_junction_2, grunt_potential
D:7:      layout_basic, lemuel_tele_altar, mainiacjoe_overflow_tiny_flanked,
          makhleb_blood_cavern_becter, uniq_joseph, uniq_duvessa, uniq_pikel
D:8:      cheibrodos_steamvent, layout_cave_pools, minmay_lair_entry_grove,
          kennysheep_nub, kennysheep_island_fort
Temple:   compressed_dpeg_triangle_lava_temple

Skill      XL: |  1  2  3  4  5  6  7  8  9 |
---------------+----------------------------+-----
Dodging        | 3 4 5 6 7 |  7.1
Fighting       | 4 5 6 7 |  7.4
Long Blades    | 4 5 6 8 10 | 10.4
Stealth        | 1 2 3 |  3.8
Throwing       | 1 2 |  2.5

Action                     |  1- 3 |  4- 6 |  7- 9 | 10-12 || total
---------------------------+-------+-------+-------+-------++-------
  Melee: Falchion          |   136 |   191 |   136 |       ||   463
         Tailslap          |    14 |    18 |    29 |     3 ||    64
         Punch             |     2 |     1 |     1 |       ||     4
         Great sword       |       |       |   117 |    23 ||   140
  Throw: Dart              |       |    15 |    15 |     4 ||    34
 Invoke: Berserk           |     4 |     7 |     5 |       ||    16
         Trog's Hand       |       |     3 |     3 |       ||     6
Ability: Breathe Steam     |       |       |    14 |     1 ||    15
    Use: Potion            |     3 |     4 |     5 |     1 ||    13
         Scroll            |       |     7 |     6 |       ||    13
   Stab: Sleeping          |       |     1 |     5 |     1 ||     7
 Armour: Skin              |   104 |   162 |   151 |    28 ||   445
  Dodge: Dodged            |   121 |   181 |   198 |    20 ||   520
